 Dungeon Crawl Stone Soup version 0.26-a0-812-g31a745ddcd (webtiles) character file.

Game seed: 12756532196061201377

367 Borgoz the Slasher (level 6, 0/53 HPs)
             Began as a Ghoul Monk on Dec 8, 2020.
             Slain by a centaur (2 damage)
             ... on level 3 of the Dungeon.
             The game lasted 00:03:48 (3117 turns).

Borgoz the Slasher (Ghoul Monk)                     Turns: 3117, Time: 00:03:49

Health: 0/53       AC:  7    Str: 16    XL:     6   Next: 69%
Magic:  5/5        EV: 12    Int:  5    God:
Gold:   135        SH:  0    Dex: 12    Spells: 5/5 levels left

rFire    . . .     SeeInvis .   a - +0 falchion
rCold    + . .     Faith    .   (no shield)
rNeg     + + +     Spirit   .   e - +1 ring mail
rPois    ∞         Reflect  .   (no helmet)
rElec    .         Harm     .   (no cloak)
rCorr    .         Rampage  .   (no gloves)
MR       .....                  g - +0 pair of boots
Stlth    +.........             (no amulet)
HPRegen  0.00/turn              (no ring)
MPRegen  0.09/turn              (no ring)

@: about to teleport
A: rotting body, claws 1, cold resistance 1, negative energy resistance 3,
inhibited regeneration, torment resistance, unbreathing
a: no special abilities


You were on level 3 of the Dungeon.
You visited 1 branch of the dungeon, and saw 3 of its levels.
You also visited: Sewer.

You collected 135 gold pieces.

Inventory:

Hand Weapons
 a - a +0 falchion (weapon)
Armour
 e - a +1 ring mail (worn)
 g - a +0 pair of boots (worn)
Scrolls
 f - a scroll of remove curse
 h - 3 scrolls of amnesia
 i - a scroll of fog


   Skills:
 + Level 4.3 Fighting
 * Level 4.4 Long Blades
 * Level 3.2 Armour
 + Level 3.6 Dodging
 - Level 2.1 Stealth


You had 5 spell levels left.
You didn't know any spells.
Your spell library was empty.

Dungeon Overview and Level Annotations

Branches:
Dungeon (3/15)              Sewer (visited)

Altars:


Innate Abilities, Weirdness & Mutations

Your body is rotting away.
You thrive by killing the living.
You are immune to poison.
You have sharp fingernails.
Your flesh is cold resistant. (rC+)
You are immune to negative energy. (rN+++)
You do not regenerate when monsters are visible.
You are immune to unholy pain and torment.
You can survive without breathing.


Message History

You are too injured to fight recklessly!
You are too injured to fight recklessly!
You are too injured to fight recklessly!
You are too injured to fight recklessly!
The centaur unwields a +0 shortbow.
The centaur barely misses you.
You hit the centaur but do no damage. The centaur hits you!
* * * LOW HITPOINT WARNING * * *
The centaur hits you but does no damage.
You hit the centaur but do no damage. The centaur closely misses you.
The worm barely misses you.
You aren't carrying any potions.
As you read the scroll of teleportation, it crumbles to dust.
You feel strangely unstable. The centaur hits you.
* * * LOW HITPOINT WARNING * * *
The centaur hits you.
* * * LOW HITPOINT WARNING * * *
You completely miss the centaur. The centaur hits you.
* * * LOW HITPOINT WARNING * * *
The worm barely misses you. The centaur hits you.
You die...

#.#,,,,,,,,,,,,,,,,,,,,,,,, *
#.#,,,********,*,,,,,,,*,** **
#.#**** *,#+##*,***,** ∩* #.#
*,....*,* *,** ** #.#
#####.....*,***,**
#######.########...#....,*,*,,,,,
..'...................,..*,*,,,,,
..#####.########...##....*,*,,,,,
........# #....c@w.......*,***+**
######### #######(#######*,* *,**
#.# *,* *,** #.# *,* *,,, #.# *,*
**** #################.# *,*
..................# *,*
#################.# *,* ### *,*


You could see a centaur and a worm.

Vanquished Creatures
  2 bullfrogs (Sewer)
  7 adders
  A gnoll (D:1)
  16 oozes (Sewer)
  2 worms
  2 dart slugs
  10 leopard geckos
  11 giant cockroaches
  2 goblins
  5 hobgoblins
  6 jackals (D:1)
  6 ball pythons
  6 bats
  9 frilled lizards
  2 kobolds
  5 rats
92 creatures vanquished.

Vanquished Creatures (others)
  A plant (D:1)
1 creature vanquished.

Grand Total: 93 creatures vanquished

Notes
Turn   | Place    | Note
-------+----------+-------------------------------------------
     0 | D:1      | Borgoz the Ghoul Monk began the quest for the Orb.
     0 | D:1      | Reached XP level 1. HP: 19/19 MP: 0/0
   165 | D:1      | Reached XP level 2. HP: 26/26 MP: 1/1
   250 | D:1      | Reached skill level 1 in Armour
   552 | D:1      | Reached XP level 3. HP: 14/31 MP: 2/2
  1192 | D:2      | Reached XP level 4. HP: 28/39 MP: 3/3
  1939 | D:3      | Found a glowing drain.
  1973 | Sewer    | Entered a sewer
  2297 | Sewer    | Reached XP level 5. HP: 41/46 MP: 4/4
  2725 | Sewer    | Reached XP level 6. HP: 49/52 MP: 5/5
  3117 | D:3      | HP: 2/53 [centaur (3)]
  3117 | D:3      | Slain by a centaur

Illustrated notes

Levels and vault maps discovered:
D:1:      scummos_arrival_hexagon, layout_loops_ring, serial_bayou_lake_a
D:2:      layout_rooms
D:3:      layout_basic, grunt_temple_overflow_forces_of_nature,
          makhleb_blood_cavern_becter, cheibrodos_sewer_entry_bend

Skill      XL: |  1  2  3  4  5  6 |
---------------+-------------------+-----
Long Blades    | 3 4 |  4.4
Armour         | 1 2 3 |  3.2
Dodging        | 3 |  3.6
Fighting       | 4 |  4.3
Stealth        | |  2.1

Action                   |  1- 3 |  4- 6 || total
-------------------------+-------+-------++-------
Melee: Falchion          |    99 |   294 ||   393
  Use: Scroll            |       |     9 ||     9
       Potion            |       |     2 ||     2
Armor: Ring mail         |    59 |   133 ||   192
Dodge: Dodged            |    97 |   299 ||   396
       Rpst.: Falchion   |    30 |    85 ||   115

Table legend: (Time is in decaauts)
 A = Elapsed time spent in this place.
 B = Non-inter-level travel time spent in this place.
 C = Inter-level travel time spent in this place.
 D = Time resting spent in this place.
 E = Time spent auto-exploring this place.
 F = Levels seen in this place.
 G = Mean time per level.
                   A        B        C        D        E       F      G
               +--------+--------+--------+--------+--------+-----+--------+
         Total |   3233 |   3142 |     91 |   1328 |   1012 |   4 |  808.2 |
       Dungeon |   2086 |   1995 |     91 |    780 |    823 |   3 |  695.3 |
         Sewer |   1146 |   1146 |      0 |    548 |    188 |   1 | 1146.0 |
               +--------+--------+--------+--------+--------+-----+--------+

Top non-repeatable levels by time:
   Sewer: 1146 daAuts
     D:1: 966 daAuts
     D:2: 903 daAuts
     D:3: 217 daAuts
